[Event "42nd Olympiad Baku 2016 Open"]
[Site "Baku"]
[Date "2016.09.03"]
[Round "2.22"]
[White "Pinal Borges, Nelson"]
[Black "Vakhidov, Jahongir"]
[Result "0-1"]
[ECO "B31"]
[WhiteElo "2320"]
[BlackElo "2583"]
[Annotator ""]
[PlyCount "114"]
[EventDate "2016.??.??"]
[EventCountry "AZE"]
[SourceTitle "playchess.com"]
[Source "ChessBase"]
[WhiteTeam "Dominican Republic"]
[BlackTeam "Uzbekistan"]
[WhiteTeamCountry "DOM"]
[BlackTeamCountry "UZB"]
[TimeControl "40/5400+30:1800+30"]

1. e4 {(00:00)} c5 {(00:00)} 2. Nf3 {(00:05)} Nc6 {
(00:22)} 3. Bb5 {(00:49)} g6 {(00:44)} 4. O-O {(00:
35)} Bg7 {(00:20)} 5. Re1 {(01:50)} Nf6 {(02:19)} 6. e5 {
(01:25)} Nd5 {(02:31)} 7. Nc3 {(01:33)} Nc7 {(01:
12)} 8. Bxc6 {(00:07)} dxc6 {(00:02)} 9. Ne4 {(04:35)} b6
{(02:32)} 10. Nf6+ {(03:15)} Kf8 {(00:19)} 11. Ne4 {
(00:09)} Bg4 {(00:22)} 12. d3 {(05:22)} Ne6 {(06:
03)} 13. Ned2 {(11:51)} Bh5 {(13:31)} 14. h3 {(15:53)} g5
{(05:31)} 15. Nf1 {(04:54)} h6 {(01:10)} 16. Ng3 {(
01:50)} Bg6 {(00:25)} 17. b3 {(10:44)} Qd5 {(02:01)} 18.
Bb2 {(02:57)} Rd8 {(03:48)} 19. Nd2 {(04:39)} Kg8 {
(17:30)} 20. Qf3 {(04:00)} Kh7 {(01:37)} 21. Nde4 {
(03:46)} Kg8 {(09:14)} 22. Nf5 {(04:12)} Bxf5 {(02:
58)} 23. Qxf5 {(00:02)} Nf4 {(00:13)} 24. Rad1 {(03:01)}
Qe6 {(02:09)} 25. Ng3 {(01:03)} Qxf5 {(03:19)} 26. Nxf5 {
(00:01)} e6 {(00:15)} 27. Ne3 {(05:00)} Kh7 {(00:
54)} 28. Nc4 {(00:19)} Nd5 {(04:19)} 29. a3 {(01:08)} Kg6
{(04:16)} 30. Re4 {(00:18)} Bf8 {(02:28)} 31. g3 {(
01:41)} Be7 {(00:07)} 32. Kg2 {(00:11)} Rd7 {(00:42)} 33.
Rf1 {(02:17)} h5 {(08:42)} 34. Ra1 {(02:59)} Rb8 {(
00:52)} 35. Bc1 {(02:37)} Nc3 {(00:57)} 36. Re1 {(00:03)}
Nb5 {(00:17)} 37. Bb2 {(00:25)} a5 {(02:14)} 38. a4 {
(00:43)} Nd4 {(00:52)} 39. Bxd4 {(00:34)} cxd4 {(
00:55)} 40. Re4 {(00:00)} Bb4 {(00:00)} 41. Ra2 {(03:57)}
b5 {(08:22)} 42. Nb2 {(19:15)} Rd5 {(00:28)} 43. Kf3 {
(00:35)} Rc5 {(03:24)} 44. Nd1 {(01:47)} Rd8 {(01:
09)} 45. Ke2 {(04:09)} Rdd5 {(08:06)} 46. Kf3 {(00:14)}
Kg7 {(02:36)} 47. Rb2 {(01:14)} Rxe5 {(01:20)} 48. axb5 {
(02:21)} cxb5 {(00:12)} 49. Rxd4 {(00:14)} Re1 {(
00:09)} 50. c3 {(00:33)} Ba3 {(07:02)} 51. Rb1 {(02:07)}
Rf5+ {(00:06)} 52. Kg2 {(00:07)} Bc5 {(00:02)} 53. Rd7 {
(01:30)} Bxf2 {(00:39)} 54. d4 {(00:41)} g4 {(01:
22)} 55. hxg4 {(00:13)} hxg4 {(01:19)} 56. Nxf2 {(01:13)}
Rxb1 {(00:13)} 57. Nxg4 {(00:03)} Rb2+ {(00:15)} 0-1

[Event "42nd Olympiad Baku 2016 Open"]
[Site "Baku"]
[Date "2016.09.03"]
[Round "2.9"]
[White "Predojevic, Borki"]
[Black "Nisipeanu, Liviu-Dieter"]
[Result "1/2-1/2"]
[ECO "E10"]
[WhiteElo "2642"]
[BlackElo "2687"]
[Annotator ""]
[PlyCount "61"]
[EventDate "2016.??.??"]
[EventCountry "AZE"]
[SourceTitle "playchess.com"]
[Source "ChessBase"]
[WhiteTeam "Bosnia  Herzegovina"]
[BlackTeam "Germany"]
[WhiteTeamCountry "BIH"]
[BlackTeamCountry "GER"]
[TimeControl "40/5400+30:1800+30"]

1. d4 {(00:00)} Nf6 {(00:00)} 2. c4 {(00:30)} e6 {(
00:30)} 3. Nf3 {(00:30)} d5 {(00:30)} 4. g3 {(00:01)} Bb4+
{(00:49)} 5. Bd2 {(02:01)} Be7 {(01:31)} 6. Bg2 {(
00:16)} O-O {(00:07)} 7. O-O {(00:09)} Nbd7 {(00:10)} 8.
Qc2 {(01:42)} Ne4 {(00:14)} 9. Nc3 {(06:42)} Nxd2 {
(02:05)} 10. Nxd2 {(00:21)} c6 {(08:49)} 11. e4 {(
06:56)} dxe4 {(03:53)} 12. Ndxe4 {(06:26)} f5 {(01:42)}
13. Nd2 {(01:03)} e5 {(00:05)} 14. dxe5 {(17:50)} Nxe5 {
(04:59)} 15. Rfe1 {(09:11)} Qc7 {(14:21)} 16. Re2 {
(12:54)} Bf6 {(05:02)} 17. Rae1 {(03:23)} Bd7 {(04:
55)} 18. c5 {(09:00)} Rad8 {(07:48)} 19. Nf3 {(04:52)}
Nxf3+ {(02:54)} 20. Bxf3 {(00:03)} Bc8 {(01:45)} 21. b4 {
(01:19)} Rd4 {(12:24)} 22. b5 {(04:04)} Rc4 {(02:
49)} 23. Nd5 {(04:02)} Rxc2 {(00:38)} 24. Nxc7 {(00:05)}
Rxc5 {(02:58)} 25. bxc6 {(00:06)} bxc6 {(00:03)} 26. Ne6 {
(00:08)} Bxe6 {(00:21)} 27. Rxe6 {(00:04)} g6 {(01:
16)} 28. Rxc6 {(00:07)} Rxc6 {(00:05)} 29. Bxc6 {(00:04)}
Rd8 {(00:14)} 30. Re8+ {(00:04)} Rxe8 {(00:05)} 31. Bxe8
1/2-1/2

[Event "42nd Olympiad Baku 2016 Open"]
[Site "Baku"]
[Date "2016.09.03"]
[Round "2.4"]
[White "Pulvett Marin, Daniel"]
[Black "Butnorius, Algimantas"]
[Result "1/2-1/2"]
[ECO "E10"]
[WhiteElo "2434"]
[BlackElo "2348"]
[Annotator ""]
[PlyCount "136"]
[EventDate "2016.??.??"]
[EventCountry "AZE"]
[SourceTitle "playchess.com"]
[Source "ChessBase"]
[WhiteTeam "Venezuela"]
[BlackTeam "Monaco"]
[WhiteTeamCountry "VEN"]
[BlackTeamCountry "MNC"]
[TimeControl "40/5400+30:1800+30"]

1. d4 {(00:00)} Nf6 {(00:00)} 2. c4 {(00:00)} e6 {(
00:00)} 3. Nf3 {(00:02)} d5 {(00:00)} 4. g3 {(01:08)} Bb4+
{(00:19)} 5. Bd2 {(01:16)} Be7 {(00:06)} 6. Qc2 {(
01:31)} O-O {(00:42)} 7. Bg2 {(00:20)} c6 {(01:06)} 8. O-O
{(00:21)} Nbd7 {(00:14)} 9. b3 {(16:34)} b6 {(00:
33)} 10. a4 {(00:20)} Bb7 {(16:12)} 11. a5 {(05:33)} Qc8 {
(09:06)} 12. Rc1 {(06:48)} dxc4 {(05:05)} 13. bxc4 {
(03:28)} c5 {(00:46)} 14. e3 {(00:09)} Rd8 {(13:39]
} 15. Qb3 {(11:01)} Rb8 {(13:41)} 16. axb6 {(00:31)} axb6
{(00:10)} 17. Nc3 {(08:45)} cxd4 18. exd4 {(02:14)} Bxf3 {
(02:33)} 19. Bxf3 {(00:12)} Nc5 {(00:10)} 20. dxc5 {
(03:11)} Rxd2 {(00:43)} 21. c6 {(00:44)} Bc5 {(00:
56)} 22. Rc2 {(04:06)} Bxf2+ {(03:51)} 23. Kg2 {(00:11)}
Rxc2 {(00:48)} 24. Qxc2 {(00:06)} Bd4 {(00:15)} 25. Ra7 {
(02:27)} b5 {(04:11)} 26. Rb7 {(00:39)} bxc4 {(06:
04)} 27. Nb5 {(00:16)} Be5 {(00:52)} 28. Qe2 {(03:56)}
Rxb7 {(02:21)} 29. cxb7 {(00:47)} Qc5 {(00:30)} 30. Na7 {
(01:49)} c3 {(05:17)} 31. Nc6 {(00:08)} Bd6 {(00:
27)} 32. Qd3 {(07:13)} g5 {(04:32)} 33. Qd4 {(04:43)} Qxd4
{(06:03)} 34. Nxd4 {(00:03)} Nd7 {(01:01)} 35. Kf1 {
(01:15)} Nb8 {(02:20)} 36. Ke2 {(00:51)} Kf8 {(00:
12)} 37. Kd3 {(01:52)} Ke7 {(00:13)} 38. Bh5 {(00:53)} f5
{(01:19)} 39. Bd1 {(02:37)} Be5 {(00:26)} 40. Nb5 {
(00:00)} g4 {(00:00)} 41. Nxc3 {(06:16)} h5 {(01:
12)} 42. Ne2 {(01:58)} h4 {(09:27)} 43. Ke3 {(01:19)} h3 {
(02:32)} 44. Nf4 {(03:23)} Bd6 {(01:52)} 45. Kf2 {(
04:38)} Bc5+ {(03:34)} 46. Kf1 {(00:04)} e5 {(02:16)} 47.
Nd5+ {(00:01)} Ke6 {(01:07)} 48. Bb3 Kd6 {(00:37)} 49. Nf6
{(00:44)} e4 {(03:50)} 50. Bd1 {(07:33)} Bd4 {(00:
41)} 51. Nxg4 {(01:02)} fxg4 {(00:05)} 52. Bxg4 {(00:07)}
Be5 {(02:32)} 53. Bxh3 {(00:27)} Kd5 {(00:57)} 54. Bg2 {
(01:40)} Nc6 {(00:54)} 55. Kf2 {(01:14)} Kd4 {(00:
11)} 56. Bf1 {(01:19)} Nb4 {(01:10)} 57. Bb5 {(02:18)} Nd5
{(01:39)} 58. h4 {(01:07)} Nf6 {(02:40)} 59. Be2 {(
00:50)} Nd7 {(00:49)} 60. Bb5 {(11:06)} Nc5 {(00:15)} 61.
Bc6 {(00:05)} Kd3 {(00:12)} 62. h5 {(00:12)} Kd2 {(
01:06)} 63. Bxe4 {(01:10)} Nxe4+ {(00:04)} 64. Kf3 {(00:
10)} Ng5+ {(02:33)} 65. Kg4 {(00:31)} Nf7 {(00:28)} 66.
Kf5 {(01:00)} Bxg3 {(00:13)} 67. Kf6 {(00:31)} Nh6 {
(00:46)} 68. Kg6 {(00:31)} Ng8 {(00:22)} 1/2-1/2

[Event "42nd Olympiad Baku 2016 Open"]
[Site "Baku"]
[Date "2016.09.03"]
[Round "2.14"]
[White "Quesada Perez, Yuniesky"]
[Black "Adly, Ahmed"]
[Result "1/2-1/2"]
[ECO "B91"]
[WhiteElo "2634"]
[BlackElo "2603"]
[Annotator ""]
[PlyCount "82"]
[EventDate "2016.??.??"]
[EventCountry "AZE"]
[SourceTitle "playchess.com"]
[Source "ChessBase"]
[WhiteTeam "Cuba"]
[BlackTeam "Egypt"]
[WhiteTeamCountry "CUB"]
[BlackTeamCountry "EGY"]
[TimeControl "40/5400+30:1800+30"]

1. e4 {(00:00)} c5 {(00:00)} 2. Nf3 {(00:00)} d6 {(
00:00)} 3. d4 {(00:00)} cxd4 {(00:02)} 4. Nxd4 {(00:00)}
Nf6 {(00:03)} 5. Nc3 {(00:03)} a6 {(00:04)} 6. g3 {
(00:15)} e5 {(00:57)} 7. Nde2 {(00:11)} Be7 {(00:
13)} 8. Bg2 {(00:19)} h5 {(00:19)} 9. Bg5 {(05:46)} Be6 {
(00:17)} 10. Qd2 {(13:36)} Nbd7 {(00:07)} 11. a4 {(
01:18)} Rc8 {(03:34)} 12. O-O {(01:48)} Ng4 {(19:54)} 13.
Bxe7 {(03:17)} Qxe7 {(00:19)} 14. h3 {(07:43)} Ngf6 {
(00:31)} 15. Rad1 {(01:44)} Rc6 {(01:51)} 16. b3 {(
00:31)} Qd8 {(17:00)} 17. f4 {(08:37)} Qb6+ {(02:41)} 18.
Rf2 {(01:00)} Nb8 {(13:48)} 19. f5 {(26:57)} Bc8 {(
00:54)} 20. Qg5 {(04:16)} Kf8 {(01:42)} 21. Qd2 {(03:35)}
Qc5 {(05:53)} 22. Qe1 {(06:32)} Nbd7 {(02:54)} 23. Nd5 {
(02:56)} Nxd5 {(00:24)} 24. exd5 {(00:50)} Rc7 {(
00:01)} 25. c4 {(00:57)} Qe3 {(00:09)} 26. Qc3 {(02:15)}
Qxc3 {(01:39)} 27. Nxc3 {(00:05)} Ke7 {(01:44)} 28. a5 {
(01:33)} Nf6 {(03:01)} 29. Na4 {(00:37)} Nd7 {(01:
51)} 30. Bf1 {(02:16)} Nc5 {(00:35)} 31. Nxc5 {(00:14)}
Rxc5 {(00:01)} 32. b4 {(00:21)} Rc7 {(00:08)} 33. g4 {
(03:35)} Kf6 {(02:07)} 34. c5 {(01:44)} Rd8 {(01:
56)} 35. Rc2 {(00:16)} hxg4 {(00:22)} 36. hxg4 {(00:05)}
g6 {(00:04)} 37. Bh3 {(00:57)} Rh8 {(00:54)} 38. Rc3 {
(00:30)} gxf5 {(04:15)} 39. gxf5 {(00:04)} Rh4 {(
00:02)} 40. Rdc1 {(00:00)} Bxf5 {(00:00)} 41. Bxf5 {(12:
03)} Kxf5 {(05:42)} 1/2-1/2

[Event "42nd Olympiad Baku 2016 Open"]
[Site "Baku"]
[Date "2016.09.03"]
[Round "2.14"]
[White "Radjabov, Teimour"]
[Black "Pancevski, Filip"]
[Result "1-0"]
[ECO "C41"]
[WhiteElo "2722"]
[BlackElo "2503"]
[Annotator ""]
[PlyCount "53"]
[EventDate "2016.??.??"]
[EventCountry "AZE"]
[SourceTitle "playchess.com"]
[Source "ChessBase"]
[WhiteTeam "Azerbaijan"]
[BlackTeam "Macedonia"]
[WhiteTeamCountry "AZE"]
[BlackTeamCountry "MKD"]
[TimeControl "40/5400+30:1800+30"]

1. e4 {(00:00)} d6 {(00:00)} 2. d4 {(00:00)} Nf6 {(
00:00)} 3. Nc3 {(00:00)} e5 {(00:04)} 4. Nf3 {(00:09)}
Nbd7 {(00:07)} 5. Bc4 {(00:40)} Be7 {(00:16)} 6. a4 {
(00:35)} O-O {(00:09)} 7. O-O {(00:05)} a6 {(00:07]
} 8. a5 {(00:57)} exd4 {(03:49)} 9. Qxd4 {(05:15)} Nc5 {
(16:08)} 10. h3 {(05:40)} Ne6 {(07:35)} 11. Qe3 {(
11:14)} c6 {(03:48)} 12. Rd1 {(06:17)} Qc7 {(01:02)} 13.
Qe2 {(12:55)} Re8 {(09:24)} 14. Be3 {(03:26)} Nd7 {
(03:38)} 15. Na4 {(07:04)} Bf6 {(04:43)} 16. Qd2 {(
03:57)} Ndc5 {(13:03)} 17. e5 {(06:57)} Nxa4 {(14:00)} 18.
exd6 {(09:30)} Qd7 {(03:49)} 19. Rxa4 {(00:26)} c5 {
(00:25)} 20. Bb3 {(04:27)} b5 {(09:03)} 21. axb6 {(
00:15)} Bb7 {(00:05)} 22. c3 {(02:19)} Qb5 {(04:02)} 23.
Qc2 {(01:11)} Red8 {(01:45)} 24. Bxe6 {(04:17)} fxe6 {
(00:01)} 25. Ng5 {(00:10)} Bxg5 {(02:47)} 26. Bxg5 {
(00:05)} Qc6 {(00:04)} 27. Rg4 {(00:31)} 1-0

[Event "42nd Olympiad Baku 2016 Open"]
[Site "Baku"]
[Date "2016.09.03"]
[Round "2.9"]
[White "Rapport, Richard"]
[Black "Ragger, Markus"]
[Result "1/2-1/2"]
[ECO "D45"]
[WhiteElo "2752"]
[BlackElo "2697"]
[Annotator ""]
[PlyCount "60"]
[EventDate "2016.??.??"]
[EventCountry "AZE"]
[SourceTitle "playchess.com"]
[Source "ChessBase"]
[WhiteTeam "Hungary"]
[BlackTeam "Austria"]
[WhiteTeamCountry "HUN"]
[BlackTeamCountry "AUT"]
[TimeControl "40/5400+30:1800+30"]

1. Nf3 {(00:00)} d5 {(00:00)} 2. d4 {(00:28)} Nf6 {
(00:02)} 3. c4 {(00:08)} c6 {(00:04)} 4. e3 {(00:
34)} e6 {(01:08)} 5. Nc3 {(01:26)} Nbd7 {(01:00)} 6. Qc2 {
(00:22)} Bd6 {(00:08)} 7. g4 {(00:06)} h6 {(03:14)}
8. Rg1 {(00:53)} e5 {(00:35)} 9. cxd5 {(01:38)} cxd5 {
(00:09)} 10. Nb5 {(00:12)} Bb8 {(00:34)} 11. g5 {(
00:55)} hxg5 {(00:40)} 12. Nxg5 {(00:11)} e4 {(03:40)} 13.
Bd2 {(01:01)} Nb6 {(04:26)} 14. Qc5 {(01:47)} Bd7 {
(00:17)} 15. Nd6+ {(13:07)} Bxd6 {(00:22)} 16. Qxd6 {
(00:03)} Qb8 {(08:07)} 17. Qe5+ {(02:31)} Qxe5 {(
01:27)} 18. dxe5 {(00:07)} Rxh2 {(05:03)} 19. exf6 {(06:
07)} gxf6 {(02:21)} 20. Nxe4 {(01:21)} dxe4 {(00:15)} 21.
Bb4 {(03:50)} Rh8 {(06:03)} 22. O-O-O {(03:51)} Bc6 {
(04:00)} 23. Bc3 {(05:22)} Ke7 {(01:33)} 24. Bb4+ {
(00:37)} Ke8 {(00:08)} 25. Bc3 {(01:11)} Ke7 {(00:
16)} 26. Bb4+ {(00:17)} Ke8 {(00:48)} 27. Bc3 {(00:40)}
Ke7 {(00:26)} 28. Bb4+ {(00:18)} Ke8 {(00:09)} 29. Bc3 {
(00:09)} Ke7 {(00:01)} 30. Bb4+ {(00:04)} Ke8 {(00:
03)} 1/2-1/2

[Event "42nd Olympiad Baku 2016 Open"]
[Site "Baku"]
[Date "2016.09.03"]
[Round "2.27"]
[White "Repka, Christopher"]
[Black "Mastrovasilis, Athanasios"]
[Result "1/2-1/2"]
[ECO "D41"]
[WhiteElo "2486"]
[BlackElo "2555"]
[Annotator ""]
[PlyCount "67"]
[EventDate "2016.??.??"]
[EventCountry "AZE"]
[SourceTitle "playchess.com"]
[Source "ChessBase"]
[WhiteTeam "Slovakia"]
[BlackTeam "Greece"]
[WhiteTeamCountry "SVK"]
[BlackTeamCountry "GRE"]
[TimeControl "40/5400+30:1800+30"]

1. d4 {(00:00)} d5 {(00:00)} 2. c4 {(00:00)} e6 {(
00:23)} 3. Nf3 {(00:00)} Nf6 {(01:18)} 4. Nc3 {(00:00)} c5
{(04:28)} 5. cxd5 {(00:08)} Nxd5 {(00:13)} 6. Bd2 {
(11:22)} Nc6 {(04:15)} 7. e4 {(00:09)} cxd4 {(09:
28)} 8. Nxd4 {(00:19)} Nxc3 {(12:55)} 9. Bxc3 {(00:42)}
Nxd4 {(00:21)} 10. Qxd4 {(00:31)} Qxd4 {(00:15)} 11. Bxd4
{(00:04)} Bb4+ {(00:41)} 12. Ke2 {(00:06)} O-O {(
02:32)} 13. Rc1 {(05:51)} Rd8 {(02:57)} 14. Ke3 {(10:01)}
e5 {(04:35)} 15. Bc3 {(00:08)} Bxc3 {(03:00)} 16. Rxc3 {
(00:08)} Rd1 {(03:28)} 17. Rd3 {(00:05)} Rxd3+ {(
00:24)} 18. Bxd3 {(00:11)} Be6 {(00:08)} 19. Rc1 {(01:08)}
Bxa2 {(01:45)} 20. Rc7 {(00:07)} Rb8 {(10:42)} 21. Rc5 {
(00:08)} b6 {(08:02)} 22. Rxe5 {(00:09)} Kf8 {(00:
22)} 23. f4 {(02:53)} Rc8 {(02:59)} 24. Rb5 {(05:09)} Rc1
{(05:10)} 25. Rb4 {(00:56)} Re1+ {(07:25)} 26. Kf2 {
(03:49)} Rd1 {(00:33)} 27. Ke3 {(06:20)} Re1+ {(01:
46)} 28. Kf2 {(10:09)} Rd1 {(00:17)} 29. Ke2 {(08:07)} Rg1
{(00:18)} 30. Kf3 {(00:23)} Rd1 {(06:52)} 31. Be2 {
(06:55)} Rb1 {(01:40)} 32. h4 {(01:03)} f6 {(00:50]
} 33. g4 {(00:12)} h6 {(00:27)} 34. Ke3 {(03:47)} 1/2-1/2

[Event "42nd Olympiad Baku 2016 Open"]
[Site "Baku"]
[Date "2016.09.03"]
[Round "2.30"]
[White "Rios, Cristhian Camilo"]
[Black "Nguyen, Ngoc Truong Son"]
[Result "0-1"]
[ECO "D37"]
[WhiteElo "2489"]
[BlackElo "2633"]
[Annotator ""]
[PlyCount "104"]
[EventDate "2016.??.??"]
[EventCountry "AZE"]
[SourceTitle "playchess.com"]
[Source "ChessBase"]
[WhiteTeam "Colombia"]
[BlackTeam "Vietnam"]
[WhiteTeamCountry "COL"]
[BlackTeamCountry "VIE"]
[TimeControl "40/5400+30:1800+30"]

1. d4 {(00:00)} Nf6 {(00:00)} 2. c4 {(00:21)} e6 {(
00:00)} 3. Nf3 {(00:51)} d5 {(00:18)} 4. Nc3 {(01:10)} Be7
{(00:12)} 5. Bf4 {(01:49)} O-O {(01:59)} 6. e3 {(
01:17)} Nbd7 {(00:12)} 7. c5 {(02:49)} Ne4 {(00:49)} 8.
Rc1 {(08:38)} f5 {(06:26)} 9. Ne5 {(05:00)} Nxe5 {(
06:59)} 10. Bxe5 {(00:10)} Bf6 {(04:46)} 11. Nxe4 {(08:00]
} fxe4 {(03:49)} 12. Bg3 {(04:59)} c6 {(04:51)} 13. Be2 {
(04:12)} Re8 {(09:41)} 14. Bg4 {(13:36)} e5 {(04:
10)} 15. Bxc8 {(02:48)} Qxc8 {(01:51)} 16. Rc3 {(05:18)}
b5 {(08:23)} 17. O-O {(10:15)} Qf5 {(06:27)} 18. h3 {
(08:35)} Re6 {(02:30)} 19. dxe5 {(03:27)} Bxe5 {(
00:30)} 20. Bxe5 {(00:08)} Qxe5 {(00:13)} 21. f4 {(00:09)}
exf3 {(00:34)} 22. Rxf3 {(00:06)} Rae8 {(10:06)} 23. Qd4 {
(03:03)} a5 {(04:16)} 24. Qxe5 {(00:33)} Rxe5 {(00:
06)} 25. Rd3 {(01:30)} Re4 {(01:08)} 26. b3 {(00:30)} a4 {
(02:25)} 27. Kf2 {(02:37)} axb3 {(06:59)} 28. axb3 {
(00:07)} Rb4 {(00:49)} 29. Kg3 {(01:39)} h5 {(01:
06)} 30. Rf4 {(00:50)} Ree4 {(02:19)} 31. Rxe4 {(00:09)}
Rxe4 {(00:04)} 32. Kf3 {(00:53)} Rb4 {(00:12)} 33. Ke2 {
(00:13)} Kf7 {(02:48)} 34. Kd2 {(01:29)} Ke6 {(00:
46)} 35. Kc3 {(02:02)} Re4 {(00:05)} 36. Kd2 {(02:45)} Ke5
{(00:18)} 37. g3 {(00:05)} Rb4 {(05:16)} 38. Kc3 {(
00:12)} Re4 {(00:03)} 39. Kc2 {(00:13)} h4 {(01:39)} 40.
g4 {(00:00)} Ke6 {(00:00)} 41. Kd2 {(05:25)} Ke5 {(
05:16)} 42. Kc2 {(00:07)} b4 {(06:17)} 43. Kc1 {(01:10)}
d4 {(01:14)} 44. exd4+ {(00:12)} Rxd4 {(00:04)} 45. Rf3 {
(00:05)} Rd5 {(02:00)} 46. Rf7 {(03:50)} g5 {(00:
24)} 47. Kb2 {(00:17)} Rxc5 {(00:12)} 48. Rf5+ {(00:14)}
Kd4 {(00:10)} 49. Rf6 {(00:05)} Rc3 {(01:41)} 50. Rf5 {
(02:43)} Rxh3 {(01:40)} 51. Rxg5 {(00:05)} Rh2+ {(
00:43)} 52. Kc1 {(00:07)} Rg2 {(00:17)} 0-1

[Event "42nd Olympiad Baku 2016 Open"]
[Site "Baku"]
[Date "2016.09.03"]
[Round "2.8"]
[White "Robson, Ray"]
[Black "Gourlay, Iain"]
[Result "1-0"]
[ECO "C77"]
[WhiteElo "2674"]
[BlackElo "2393"]
[Annotator ""]
[PlyCount "63"]
[EventDate "2016.??.??"]
[EventCountry "AZE"]
[SourceTitle "playchess.com"]
[Source "ChessBase"]
[WhiteTeam "United States"]
[BlackTeam "Scotland"]
[WhiteTeamCountry "USA"]
[BlackTeamCountry "SCO"]
[TimeControl "40/5400+30:1800+30"]

1. e4 {(00:00)} e5 {(00:00)} 2. Nf3 {(00:00)} Nc6 {
(00:00)} 3. Bb5 {(01:12)} a6 {(00:19)} 4. Ba4 {(00:
24)} Nf6 {(00:24)} 5. d3 {(03:09)} d6 {(01:08)} 6. c3 {
(02:31)} g6 {(02:47)} 7. O-O {(03:46)} Bg7 {(06:11]
} 8. Nbd2 {(01:34)} O-O {(01:38)} 9. Re1 {(03:53)} Re8 {
(07:29)} 10. h3 {(15:37)} h6 {(16:29)} 11. d4 {(01:
51)} b5 {(05:34)} 12. Bc2 {(05:01)} exd4 {(14:17)} 13.
cxd4 {(00:41)} Nb4 {(01:18)} 14. Bb1 {(04:32)} c5 {
(01:38)} 15. a3 {(12:53)} Nc6 {(01:14)} 16. d5 {(
00:20)} Na5 {(06:55)} 17. Nf1 {(05:42)} Ra7 {(06:45)} 18.
Ng3 {(03:12)} Rae7 {(02:50)} 19. Bc2 {(04:09)} c4 {
(08:35)} 20. Bf4 {(05:13)} Nb3 {(07:22)} 21. Bxb3 {
(02:32)} cxb3 {(00:05)} 22. Qd3 {(01:51)} Bb7 {(05:
15)} 23. Re2 {(03:50)} Qb6 {(01:01)} 24. Rae1 {(01:31)}
Nd7 {(01:50)} 25. Qxb3 {(00:40)} Nc5 {(00:13)} 26. Qd1 {
(05:43)} b4 {(00:25)} 27. axb4 {(00:22)} Nd7 {(01:
16)} 28. Qd2 {(00:51)} Kh7 {(00:25)} 29. Be3 {(00:41)} Qc7
{(00:33)} 30. Bd4 {(01:20)} Bxd4 {(00:31)} 31. Nxd4 {
(00:07)} Qb6 {(00:29)} 32. Ngf5 {(00:43)} 1-0

[Event "42nd Olympiad Baku 2016 Open"]
[Site "Baku"]
[Date "2016.09.03"]
[Round "2.3"]
[White "Rodi, Luis Ernesto"]
[Black "Roiz, Michael"]
[Result "1/2-1/2"]
[ECO "B12"]
[WhiteElo "2340"]
[BlackElo "2605"]
[Annotator ""]
[PlyCount "62"]
[EventDate "2016.??.??"]
[EventCountry "AZE"]
[SourceTitle "playchess.com"]
[Source "ChessBase"]
[WhiteTeam "Uruguay"]
[BlackTeam "Israel"]
[WhiteTeamCountry "URU"]
[BlackTeamCountry "ISR"]
[TimeControl "40/5400+30:1800+30"]

1. e4 {(00:00)} c6 {(00:00)} 2. d4 {(00:00)} d5 {(
00:00)} 3. e5 {(00:09)} Bf5 {(00:00)} 4. h4 {(00:24)} h5 {
(00:11)} 5. Bd3 {(00:24)} Bxd3 {(00:20)} 6. Qxd3 {(
00:08)} e6 {(00:46)} 7. Bg5 {(00:08)} Be7 {(00:32)} 8. Nf3
{(00:12)} Nh6 {(03:24)} 9. Nc3 {(00:47)} Nf5 {(01:
40)} 10. Ne2 {(00:41)} c5 {(02:15)} 11. dxc5 {(01:30)} Na6
{(03:19)} 12. Bxe7 {(01:44)} Qxe7 {(07:28)} 13. Qb5+ {
(00:32)} Qd7 {(00:53)} 14. a4 {(00:13)} Qxb5 {(03:
36)} 15. axb5 {(00:16)} Nxc5 {(00:02)} 16. Ned4 {(00:58)}
Ke7 {(18:21)} 17. Nxf5+ {(09:57)} exf5 {(00:23)} 18. Nd4 {
(00:07)} g6 {(00:08)} 19. Rh3 {(01:22)} Ne6 {(13:
55)} 20. Nxe6 {(31:05)} Kxe6 {(00:27)} 21. f4 {(00:08)}
Rhc8 {(00:27)} 22. Rc3 {(00:24)} Rxc3 {(11:46)} 23. bxc3 {
(00:10)} Kd7 {(09:57)} 24. Rd1 {(08:25)} Ke6 {(00:
09)} 25. Ra1 {(00:05)} f6 {(00:46)} 26. exf6 {(00:17)}
Kxf6 {(00:06)} 27. Kd2 {(00:17)} Ke6 {(00:29)} 28. Kd3 {
(08:53)} Kd6 {(01:42)} 29. c4 {(01:57)} a5 {(03:26]
} 30. bxa6 {(07:37)} Rxa6 {(00:43)} 31. Rb1 {(03:56)}
dxc4+ {(00:56] Ke4 Ke5+} 1/2-1/2

[Event "42nd Olympiad Baku 2016 Open"]
[Site "Baku"]
[Date "2016.09.03"]
[Round "2.1"]
[White "Rodriguez Vila, Andres"]
[Black "Rodshtein, Maxim"]
[Result "0-1"]
[ECO "B17"]
[WhiteElo "2453"]
[BlackElo "2687"]
[Annotator ""]
[PlyCount "80"]
[EventDate "2016.??.??"]
[EventCountry "AZE"]
[SourceTitle "playchess.com"]
[Source "ChessBase"]
[WhiteTeam "Uruguay"]
[BlackTeam "Israel"]
[WhiteTeamCountry "URU"]
[BlackTeamCountry "ISR"]
[TimeControl "40/5400+30:1800+30"]

1. e4 {(00:00)} c6 {(00:00)} 2. d4 {(00:00)} d5 {(
00:00)} 3. Nd2 {(00:00)} dxe4 {(00:00)} 4. Nxe4 {(00:00)}
Nd7 {(00:08)} 5. Bd3 {(00:46)} Ngf6 {(00:11)} 6. Ng5 {
(00:19)} e6 {(00:13)} 7. Qe2 {(00:23)} Bd6 {(00:16]
} 8. Bd2 {(00:45)} h6 {(07:01)} 9. Nxe6 {(02:06)} fxe6 {
(00:10)} 10. Bg6+ {(00:04)} Kf8 {(11:32)} 11. O-O-O {
(00:14)} Nd5 {(05:36)} 12. c4 {(19:18)} Nf4 {(08:
33)} 13. Qf3 {(03:16)} Qf6 {(02:17)} 14. Be4 {(13:15)} e5
{(02:10)} 15. dxe5 {(03:07)} Bxe5 {(15:28)} 16. Kb1 {
(00:37)} Kf7 {(06:00)} 17. h4 {(16:32)} Nc5 {(05:
31)} 18. Bxf4 {(09:10)} Qxf4 {(02:02)} 19. Bc2 {(00:10)}
Qxf3 {(02:25)} 20. Nxf3 {(00:08)} Bf6 {(01:59)} 21. b4 {
(02:28)} Na6 {(01:54)} 22. h5 {(02:17)} Rf8 {(01:
48)} 23. a3 {(02:08)} Bg4 {(02:30)} 24. Rhe1 {(05:12)}
Rfd8 {(02:19)} 25. Bg6+ {(01:59)} Kf8 {(00:21)} 26. Kc2 {
(02:52)} Rxd1 {(01:12)} 27. Rxd1 {(00:03)} Nc7 {(
00:20)} 28. Re1 {(01:00)} a5 {(00:52)} 29. Ne5 {(05:00)}
Be6 {(01:02)} 30. f4 {(06:19)} axb4 {(00:24)} 31. axb4 {
(00:03)} Bxe5 {(00:51)} 32. Rxe5 {(01:23)} Bxc4 {(
00:12)} 33. g4 {(00:19)} Nb5 {(03:22)} 34. g5 {(01:04)}
Ra2+ {(00:49)} 35. Kd1 {(01:04)} Nd6 {(04:35)} 36. gxh6 {
(00:42)} gxh6 {(00:09)} 37. f5 {(00:05)} Rf2 {(00:
44)} 38. Ke1 {(00:13)} Rf4 {(00:22)} 39. Kd2 {(00:18)} Bf7
{(00:37)} 40. Ke3 {(00:00)} Rxb4 {(00:00)} 0-1